Blues vs Oilers

Created - 15 avril 2019 at 21:43

Goals
1 2 3 T
Blues 0 0 0 0
Oilers 1 1 0 2
Shots
1 2 3 T
Blues 9 7 12 28
Oilers 13 13 11 37

1st period

1. Oilers , Marc Methot 5 (Jean-Gabriel Pageau 20, Adam Lowry 27) at 11:44

Penalties :
Adam Lowry (EDM) for Hooking (Minor) at 1:52, Mikkel Boedker (STL) for Tripping (Minor) at 4:35, Chris Wagner (STL) for Tripping (Minor) at 16:58

2nd period

2. Oilers , Reilly Smith 29 (Evgeny Dadonov 34, Brent Burns 48) at 10:05 (PP)

Penalties :
Kevan Miller (STL) for Roughing (Minor) at 3:31, Adam Henrique (STL) for Slashing (Minor) at 8:45, Adam Henrique (STL) for Holding (Minor) at 16:57

3rd period

No Goal

Penalties :
Colin Wilson (STL) for Interference (Minor) at 12:59

Goalie Stats

Jimmy Howard (STL), 35 saves from 37 shots - (0.946), L, 8-18-1, 60:00 minutes
Antti Raanta (EDM), 28 saves from 28 shots - (1.000), W, 38-24-6, 60:00 minutes

Players Stats for Blues

Player Name              G  A  P  +/- PIM S  H  SB GA TA FO     MP     PP MP  PK MP  
------------------------------------------------------------------------------------
Adam Henrique            0  0  0  -1  4   4  0  1  0  0  8/11   16:52   0:58   1:05 
Anthony Duclair          0  0  0   0  0   2  0  0  0  0  0/0     4:46   0:00   1:51 
Chris Wagner             0  0  0   0  2   3  2  0  0  0  1/1    17:52   0:58   0:00 
Colin Wilson             0  0  0  -1  2   2  0  0  0  0  1/1    17:08   0:00   5:13 
Derrick Pouliot          0  0  0   0  0   2  2  1  0  0  0/0    20:03   0:42   4:45 
Greg Pateryn             0  0  0  -1  0   0  1  0  0  0  0/0     4:30   0:00   0:00 
Gustav Nyquist           0  0  0   0  0   1  1  0  0  0  1/6    21:19   1:01   5:18 
Johnny Boychuk           0  0  0   0  0   3  1  3  0  0  0/0    24:12   1:17   5:52 
Kevan Miller             0  0  0   0  2   0  4  0  0  0  0/0    23:02   1:17   4:43 
Kris Versteeg            0  0  0   0  0   2  0  0  0  0  1/2    17:53   0:58   0:00 
Marian Gaborik           0  0  0   0  0   0  0  0  0  0  0/0     0:03   0:00   0:00 
Mike Fisher              0  0  0   0  0   3  0  0  0  0  4/9    16:55   0:00   0:00 
Mikkel Boedker           0  0  0   0  2   1  0  0  0  0  0/0    18:38   1:01   2:38 
Nathan Beaulieu          0  0  0   0  0   0  1  0  0  0  0/0    11:30   0:00   0:53 
Pierre-Edouard Bellemare 0  0  0  -1  0   2  1  1  0  0  12/29  18:21   0:00   6:25 
Radek Faksa              0  0  0   0  0   2  0  0  0  0  10/14  18:53   1:01   0:00 
Thomas Hickey            0  0  0   0  0   0  1  1  0  0  0/0    20:27   0:42   5:09 
Tobias Enstrom           0  0  0  -1  0   1  0  3  0  0  0/0    16:15   0:00   1:08 

Players Stats for Oilers

Player Name              G  A  P  +/- PIM S  H  SB GA TA FO     MP     PP MP  PK MP  
------------------------------------------------------------------------------------
Adam Lowry               0  1  1   1  2   5  0  0  0  0  2/2    14:49   5:57   0:00 
Alexander Kerfoot        0  0  0   0  0   0  0  0  0  0  0/0    10:10   0:34   0:00 
Andreas Athanasiou       0  0  0   1  0   0  0  0  0  0  0/0     9:29   0:36   0:00 
Brent Burns              0  1  1   0  0   2  1  0  0  0  0/0    22:30   6:01   0:52 
Dominic Moore            0  0  0   0  0   1  1  0  0  0  3/10   10:35   0:00   0:59 
Evgeny Dadonov           0  1  1   0  0   4  0  0  0  0  1/2    19:07   4:42   0:00 
Jack Johnson             0  0  0   0  0   1  1  1  0  0  0/0    21:51   5:14   1:07 
Jacob Trouba             0  0  0   0  0   1  2  3  0  0  0/0    22:30   6:01   0:52 
Jason Zucker             0  0  0   0  0   8  0  0  0  0  0/0    20:48   5:57   0:59 
Jean-Gabriel Pageau      0  1  1   1  0   1  0  0  0  0  4/11   10:27   0:34   1:00 
Justin Braun             0  0  0   0  0   1  1  0  0  0  0/0    21:51   5:14   1:07 
Marc Methot              1  0  1   1  0   1  5  1  0  0  0/0    15:39   0:00   0:00 
Mark Pysyk               0  0  0   1  0   1  1  0  0  0  0/0    15:39   0:00   0:00 
Matthew Nieto            0  0  0   0  0   0  2  0  0  0  0/1    14:25   0:00   0:00 
Pavel Buchnevich         0  0  0   0  0   0  0  0  0  0  0/0     9:36   0:00   0:00 
Reilly Smith             1  0  1   0  0   5  0  0  0  0  0/1    18:36   4:44   0:00 
Ryan Getzlaf             0  0  0   0  0   2  1  0  0  0  13/24  20:22   5:57   0:00 
Ryan Johansen            0  0  0   0  0   4  3  0  0  0  12/22  19:36   4:44   1:00 

3 Stars

1 - Antti Raanta (EDM)
2 - Marc Methot (EDM)
3 - Jimmy Howard (STL)

Power Play

Blues - 0 on 1 Attempt(s) - 0.00%
Oilers - 1 on 6 Attempt(s) - 16.67%

Penalty Kill

Blues - 5 on 6 Attempt(s) - 83.33% - Score 0 goal in Penalty Kill
Oilers - 1 on 1 Attempt(s) - 100.00% - Score 0 goal in Penalty Kill

Team Stat

Blues - Hits : 14 - Faceoff Wins : 38 - Blocked Shots : 10 - Penalty Minutes : 12
Oilers - Hits : 18 - Faceoff Wins : 35 - Blocked Shots : 5 - Penalty Minutes : 2

Official

Referees : Greg Kimmerly and Wes McCauley
Linesman : Darren Gibbs and Don Henderson

Game Notes

No Game Note

Finance

Level 1 -- Attendance: 5678 (87.35%) -- Ticket Income 528 054 $
Level 2 -- Attendance: 4858 (97.16%) -- Ticket Income 354 634 $
Level 3 -- Attendance: 2611 (74.60%) -- Ticket Income 169 715 $
Level 4 -- Attendance: 839 (100.00%) -- Ticket Income 52 018 $
Luxury Box -- Attendance: 896 (89.60%) -- Ticket Income 174 720 $
Game was played at the Rexall Place.
Total Attendance: 14882 (88.38%)
Total Ticket Income: 1 279 141 $
Other Income: 626 779 $
Total Income: 1 905 920 $

% Time on Ice - Blues

Lines # - Real PCT - Wanted PCT - Time Play
Normal Forward
1 - 32% - 40% - 15:00
2 - 36% - 30% - 16:55
3 - 26% - 20% - 11:56
4 - 6% - 10% - 2:55
Normal Defense
1 - 36% - 40% - 17:03
2 - 31% - 30% - 14:36
3 - 23% - 20% - 10:37
4 - 10% - 10% - 4:30
PP Forward
1 - 51% - 60% - 1:01
2 - 49% - 40% - 0:58
PP Defense
1 - 65% - 60% - 1:17
2 - 35% - 40% - 0:42
PK Forward
1 - 68% - 60% - 7:36
2 - 32% - 40% - 3:39
PK Defense
1 - 58% - 60% - 6:30
2 - 42% - 40% - 4:45
PK3 Forward
1 - 0% - 60%
2 - 0% - 40%
PK3 Defense
1 - 0% - 60%
2 - 0% - 40%
44 Forward
1 - 0% - 60%
2 - 0% - 40%
44 Defense
1 - 0% - 60%
2 - 0% - 40%
Last Minute Offensive  - 0:00
Last Minute Defensive  - 0:00
Total
Forward - 60:00
Defense - 60:00

% Time on Ice - Oilers

Lines # - Real PCT - Wanted PCT - Time Play
Normal Forward
1 - 31% - 30% - 14:25
2 - 30% - 30% - 13:52
3 - 19% - 20% - 8:53
4 - 21% - 20% - 9:36
Normal Defense
1 - 33% - 34% - 15:37
2 - 33% - 33% - 15:30
3 - 33% - 33% - 15:39
4 - 0% - 0% - 0:00
PP Forward
1 - 53% - 50% - 5:57
2 - 47% - 50% - 5:18
PP Defense
1 - 53% - 60% - 6:01
2 - 47% - 40% - 5:14
PK Forward
1 - 50% - 50% - 1:00
2 - 50% - 50% - 0:59
PK Defense
1 - 44% - 50% - 0:52
2 - 56% - 50% - 1:07
PK3 Forward
1 - 0% - 50%
2 - 0% - 50%
PK3 Defense
1 - 0% - 50%
2 - 0% - 50%
44 Forward
1 - 0% - 50%
2 - 0% - 50%
44 Defense
1 - 0% - 50%
2 - 0% - 50%
Last Minute Offensive  - 0:00
Last Minute Defensive  - 0:00
Total
Forward - 60:00
Defense - 60:00

Play-by-Play

1st period


0:01 of 1st period - Radek Faksa wins face-off versus Ryan Getzlaf in neutral zone.
1:29 of 1st period - Shot by Reilly Smith.
1:29 of 1st period - Shot Misses the Net.
1:34 of 1st period - Off-side.
1:35 of 1st period - Jean-Gabriel Pageau wins face-off versus Pierre-Edouard Bellemare in neutral zone.
1:52 of 1st period - Minor Penalty to Adam Lowry for Hooking.
1:53 of 1st period - Dominic Moore wins face-off versus Gustav Nyquist in Oilers zone.
1:53 of 1st period - Dominic Moore is hit by Gustav Nyquist.
2:13 of 1st period - Shot by Gustav Nyquist.
2:13 of 1st period - Stopped by Antti Raanta with a rebound.
2:15 of 1st period - Shot by Johnny Boychuk.
2:15 of 1st period - Stopped by Antti Raanta with a rebound.
2:17 of 1st period - Shot by Johnny Boychuk.
2:17 of 1st period - Stopped by Antti Raanta without a rebound.
2:18 of 1st period - Adam Henrique wins face-off versus Dominic Moore in Oilers zone.
3:33 of 1st period - Shot by Gustav Nyquist.
3:33 of 1st period - Deflect By Mikkel Boedker.
3:33 of 1st period - Stopped by Antti Raanta without a rebound.
3:34 of 1st period - Adam Henrique wins face-off versus Dominic Moore in Oilers zone.
3:35 of 1st period - Shot by Kris Versteeg.
3:35 of 1st period - Stopped by Antti Raanta without a rebound.
3:36 of 1st period - Dominic Moore wins face-off versus Adam Henrique in Oilers zone.
4:11 of 1st period - Shot by Nathan Beaulieu.
4:11 of 1st period - Shot Blocked by Marc Methot.
4:17 of 1st period - Shot by Colin Wilson.
4:17 of 1st period - Stopped by Antti Raanta with a rebound.
4:24 of 1st period - Icing by Evgeny Dadonov.
4:25 of 1st period - Radek Faksa wins face-off versus Ryan Getzlaf in Oilers zone.
4:35 of 1st period - Minor Penalty to Mikkel Boedker for Tripping.
4:36 of 1st period - Ryan Getzlaf wins face-off versus Pierre-Edouard Bellemare in Blues zone.
5:03 of 1st period - Shot by Jacob Trouba.
5:03 of 1st period - Stopped by Jimmy Howard without a rebound.
5:04 of 1st period - Ryan Johansen wins face-off versus Pierre-Edouard Bellemare in Blues zone.
5:04 of 1st period - Ryan Johansen is hit by Johnny Boychuk.
5:36 of 1st period - Derrick Pouliot is hit by Ryan Johansen and loses puck.
6:01 of 1st period - Shot by Brent Burns.
6:01 of 1st period - Shot Misses the Net.
6:25 of 1st period - Shot by Ryan Getzlaf.
6:25 of 1st period - Shot Misses the Net.
7:12 of 1st period - Mike Fisher is hit by Mark Pysyk and loses puck.
7:33 of 1st period - Shot by Mikkel Boedker.
7:33 of 1st period - Shot Misses the Net.
7:35 of 1st period - Shot by Radek Faksa.
7:35 of 1st period - Stopped by Antti Raanta without a rebound.
7:36 of 1st period - Adam Henrique wins face-off versus Ryan Johansen in Oilers zone.
8:06 of 1st period - Shot by Adam Henrique.
8:06 of 1st period - Shot Misses the Net.
8:08 of 1st period - Shot by Radek Faksa.
8:08 of 1st period - Shot Blocked by Jack Johnson.
9:00 of 1st period - Shot by Jean-Gabriel Pageau.
9:00 of 1st period - Shot Misses the Net.
9:02 of 1st period - Shot by Adam Lowry.
9:02 of 1st period - Stopped by Jimmy Howard without a rebound.
9:03 of 1st period - Ryan Getzlaf wins face-off versus Pierre-Edouard Bellemare in Blues zone.
9:30 of 1st period - Shot by Matthew Nieto.
9:30 of 1st period - Deflect By Evgeny Dadonov.
9:30 of 1st period - Stopped by Jimmy Howard without a rebound.
9:31 of 1st period - Radek Faksa wins face-off versus Dominic Moore in Blues zone.
9:51 of 1st period - Shot by Gustav Nyquist.
9:51 of 1st period - Shot Misses the Net.
9:53 of 1st period - Shot by Mikkel Boedker.
9:53 of 1st period - Shot Misses the Net.
9:55 of 1st period - Shot by Gustav Nyquist.
9:55 of 1st period - Shot Misses the Net.
9:57 of 1st period - Shot by Mikkel Boedker.
9:57 of 1st period - Shot Blocked by Jacob Trouba.
9:59 of 1st period - Shot by Radek Faksa.
9:59 of 1st period - Shot Misses the Net.
10:01 of 1st period - Shot by Radek Faksa.
10:01 of 1st period - Shot Blocked by Jacob Trouba.
10:27 of 1st period - Shot by Kris Versteeg.
10:27 of 1st period - Shot Misses the Net.
10:29 of 1st period - Shot by Mike Fisher.
10:29 of 1st period - Stopped by Antti Raanta without a rebound.
10:30 of 1st period - Pierre-Edouard Bellemare wins face-off versus Ryan Johansen in Oilers zone.
11:36 of 1st period - Shot by Adam Lowry.
11:36 of 1st period - Shot Misses the Net.
11:38 of 1st period - Shot by Adam Lowry.
11:38 of 1st period - Stopped by Jimmy Howard with a rebound.
11:40 of 1st period - Shot by Adam Lowry.
11:40 of 1st period - Shot Misses the Net.
11:42 of 1st period - Shot by Jean-Gabriel Pageau.
11:42 of 1st period - Shot Blocked by Tobias Enstrom.
11:44 of 1st period - Shot by Marc Methot.
11:44 of 1st period - Goal by Marc Methot - Blues : 0 - Oilers : 1.
11:45 of 1st period - Ryan Getzlaf wins face-off versus Radek Faksa in neutral zone.
11:53 of 1st period - Evgeny Dadonov is hit by Kevan Miller and loses puck.
12:20 of 1st period - Shot by Mikkel Boedker.
12:20 of 1st period - Shot Misses the Net.
12:45 of 1st period - Brent Burns is hit by Chris Wagner.
12:49 of 1st period - Mike Fisher is hit by Ryan Getzlaf and loses puck.
13:32 of 1st period - Radek Faksa is hit by Matthew Nieto and loses puck.
13:53 of 1st period - Shot by Ryan Johansen.
13:53 of 1st period - Shot Misses the Net.
13:55 of 1st period - Shot by Jack Johnson.
13:55 of 1st period - Shot Blocked by Adam Henrique.
14:07 of 1st period - Shot by Jason Zucker.
14:07 of 1st period - Shot Blocked by Tobias Enstrom.
14:09 of 1st period - Shot by Reilly Smith.
14:09 of 1st period - Stopped by Jimmy Howard without a rebound.
14:10 of 1st period - Mike Fisher wins face-off versus Jean-Gabriel Pageau in Blues zone.
14:12 of 1st period - Icing by Johnny Boychuk.
14:13 of 1st period - Chris Wagner wins face-off versus Jean-Gabriel Pageau in Blues zone.
14:49 of 1st period - Shot by Jean-Gabriel Pageau.
14:49 of 1st period - Shot Blocked by Johnny Boychuk.
14:51 of 1st period - Shot by Andreas Athanasiou.
14:51 of 1st period - Shot Misses the Net.
15:05 of 1st period - Shot by Jason Zucker.
15:05 of 1st period - Stopped by Jimmy Howard without a rebound.
15:06 of 1st period - Adam Henrique wins face-off versus Dominic Moore in Blues zone.
15:06 of 1st period - Adam Henrique is hit by Dominic Moore.
15:16 of 1st period - Shot by Alexander Kerfoot.
15:16 of 1st period - Shot Blocked by Derrick Pouliot.
15:20 of 1st period - Shot by Pavel Buchnevich.
15:20 of 1st period - Shot Misses the Net.
15:24 of 1st period - Shot by Alexander Kerfoot.
15:24 of 1st period - Shot Misses the Net.
16:17 of 1st period - Shot by Jason Zucker.
16:17 of 1st period - Shot Misses the Net.
16:21 of 1st period - Shot by Reilly Smith.
16:21 of 1st period - Stopped by Jimmy Howard without a rebound.
16:22 of 1st period - Radek Faksa wins face-off versus Jean-Gabriel Pageau in Blues zone.
16:41 of 1st period - Shot by Adam Lowry.
16:41 of 1st period - Stopped by Jimmy Howard without a rebound.
16:42 of 1st period - Mike Fisher wins face-off versus Ryan Getzlaf in Blues zone.
16:53 of 1st period - Shot by Mike Fisher.
16:53 of 1st period - Stopped by Antti Raanta with a rebound.
16:58 of 1st period - Minor Penalty to Chris Wagner for Tripping.
16:59 of 1st period - Ryan Getzlaf wins face-off versus Gustav Nyquist in Blues zone.
17:22 of 1st period - Shot by Jason Zucker.
17:22 of 1st period - Stopped by Jimmy Howard with a rebound.
18:06 of 1st period - Shot by Jack Johnson.
18:06 of 1st period - Shot Misses the Net.
18:08 of 1st period - Shot by Evgeny Dadonov.
18:08 of 1st period - Deflect By Reilly Smith.
18:08 of 1st period - Stopped by Jimmy Howard without a rebound.
18:09 of 1st period - Ryan Johansen wins face-off versus Pierre-Edouard Bellemare in Blues zone.
18:15 of 1st period - Off-side.
18:16 of 1st period - Ryan Johansen wins face-off versus Pierre-Edouard Bellemare in neutral zone.
18:23 of 1st period - Shot by Evgeny Dadonov.
18:23 of 1st period - Stopped by Jimmy Howard without a rebound.
18:24 of 1st period - Ryan Getzlaf wins face-off versus Pierre-Edouard Bellemare in Blues zone.
18:39 of 1st period - Shot by Jason Zucker.
18:39 of 1st period - Stopped by Jimmy Howard with a rebound.
18:41 of 1st period - Shot by Adam Lowry.
18:41 of 1st period - Shot Misses the Net.
18:43 of 1st period - Shot by Adam Lowry.
18:43 of 1st period - Shot Misses the Net.
19:06 of 1st period - Gustav Nyquist is hit by Marc Methot and loses puck.
19:23 of 1st period - Icing by Mark Pysyk.
19:24 of 1st period - Dominic Moore wins face-off versus Mike Fisher in Oilers zone.
Goals for this period are 0 for Blues vs 1 for Oilers.
Shots for this period are 9 for Blues vs 13 for Oilers.

2nd period


0:01 of 2nd period - Radek Faksa wins face-off versus Ryan Johansen in neutral zone.
0:06 of 2nd period - Shot by Reilly Smith.
0:06 of 2nd period - Stopped by Jimmy Howard without a rebound.
0:07 of 2nd period - Radek Faksa wins face-off versus Ryan Johansen in Blues zone.
0:26 of 2nd period - Shot by Jason Zucker.
0:26 of 2nd period - Stopped by Jimmy Howard with a rebound.
0:28 of 2nd period - Shot by Ryan Johansen.
0:28 of 2nd period - Shot Misses the Net.
0:48 of 2nd period - Shot by Ryan Johansen.
0:48 of 2nd period - Stopped by Jimmy Howard with a rebound.
1:36 of 2nd period - Shot by Chris Wagner.
1:36 of 2nd period - Shot Misses the Net.
1:38 of 2nd period - Shot by Chris Wagner.
1:38 of 2nd period - Stopped by Antti Raanta without a rebound.
1:39 of 2nd period - Pierre-Edouard Bellemare wins face-off versus Ryan Getzlaf in Oilers zone.
3:12 of 2nd period - Jason Zucker is hit by Kevan Miller.
3:31 of 2nd period - Minor Penalty to Kevan Miller for Roughing.
3:32 of 2nd period - Adam Lowry wins face-off versus Pierre-Edouard Bellemare in Blues zone.
3:35 of 2nd period - Shot by Adam Lowry.
3:35 of 2nd period - Shot Misses the Net.
4:40 of 2nd period - Shot by Evgeny Dadonov.
4:40 of 2nd period - Shot Misses the Net.
5:08 of 2nd period - Shot by Andreas Athanasiou.
5:08 of 2nd period - Shot Misses the Net.
5:10 of 2nd period - Shot by Jacob Trouba.
5:10 of 2nd period - Shot Blocked by Johnny Boychuk.
6:30 of 2nd period - Andreas Athanasiou is hit by Derrick Pouliot and loses puck.
6:42 of 2nd period - Icing by Mike Fisher.
6:43 of 2nd period - Kris Versteeg wins face-off versus Ryan Getzlaf in Blues zone.
6:58 of 2nd period - Shot by Anthony Duclair.
6:58 of 2nd period - Stopped by Antti Raanta without a rebound.
6:59 of 2nd period - Ryan Johansen wins face-off versus Adam Henrique in Oilers zone.
7:22 of 2nd period - Shot by Ryan Johansen.
7:22 of 2nd period - Stopped by Jimmy Howard with a rebound.
7:24 of 2nd period - Shot by Jason Zucker.
7:24 of 2nd period - Stopped by Jimmy Howard without a rebound.
7:25 of 2nd period - Ryan Getzlaf wins face-off versus Radek Faksa in Blues zone.
7:29 of 2nd period - Ryan Getzlaf is hit by Nathan Beaulieu and loses puck.
7:41 of 2nd period - Shot by Mikkel Boedker.
7:41 of 2nd period - Shot Misses the Net.
7:56 of 2nd period - Shot by Mikkel Boedker.
7:56 of 2nd period - Shot Blocked by Jacob Trouba.
7:58 of 2nd period - Shot by Tobias Enstrom.
7:58 of 2nd period - Stopped by Antti Raanta without a rebound.
7:59 of 2nd period - Ryan Johansen wins face-off versus Pierre-Edouard Bellemare in Oilers zone.
8:22 of 2nd period - Shot by Adam Henrique.
8:22 of 2nd period - Stopped by Antti Raanta without a rebound.
8:23 of 2nd period - Jean-Gabriel Pageau wins face-off versus Mike Fisher in Oilers zone.
8:30 of 2nd period - Shot by Adam Lowry.
8:30 of 2nd period - Stopped by Jimmy Howard without a rebound.
8:31 of 2nd period - Radek Faksa wins face-off versus Jean-Gabriel Pageau in Blues zone.
8:42 of 2nd period - Icing by Brent Burns.
8:43 of 2nd period - Adam Henrique wins face-off versus Jean-Gabriel Pageau in Oilers zone.
8:45 of 2nd period - Minor Penalty to Adam Henrique for Slashing.
8:46 of 2nd period - Ryan Johansen wins face-off versus Pierre-Edouard Bellemare in Blues zone.
8:49 of 2nd period - Shot by Evgeny Dadonov.
8:49 of 2nd period - Shot Misses the Net.
8:51 of 2nd period - Shot by Ryan Johansen.
8:51 of 2nd period - Shot Blocked by Johnny Boychuk.
9:01 of 2nd period - Shot by Reilly Smith.
9:01 of 2nd period - Shot Misses the Net.
9:03 of 2nd period - Shot by Reilly Smith.
9:03 of 2nd period - Deflect By Ryan Johansen.
9:03 of 2nd period - Stopped by Jimmy Howard with a rebound.
9:05 of 2nd period - Shot by Brent Burns.
9:05 of 2nd period - Stopped by Jimmy Howard without a rebound.
9:06 of 2nd period - Pierre-Edouard Bellemare wins face-off versus Ryan Getzlaf in Blues zone.
9:23 of 2nd period - Shot by Colin Wilson.
9:23 of 2nd period - Stopped by Antti Raanta without a rebound.
9:24 of 2nd period - Pierre-Edouard Bellemare wins face-off versus Ryan Johansen in Oilers zone.
9:25 of 2nd period - Shot by Johnny Boychuk.
9:25 of 2nd period - Stopped by Antti Raanta without a rebound.
9:26 of 2nd period - Colin Wilson wins face-off versus Ryan Johansen in Oilers zone.
9:33 of 2nd period - Shot by Colin Wilson.
9:33 of 2nd period - Shot Misses the Net.
9:35 of 2nd period - Shot by Pierre-Edouard Bellemare.
9:35 of 2nd period - Shot Misses the Net.
10:05 of 2nd period - Shot by Evgeny Dadonov.
10:05 of 2nd period - Deflect By Reilly Smith.
10:05 of 2nd period - Goal by Reilly Smith - Blues : 0 - Oilers : 2.
10:06 of 2nd period - Jean-Gabriel Pageau wins face-off versus Mike Fisher in neutral zone.
10:56 of 2nd period - Icing by Jean-Gabriel Pageau.
10:57 of 2nd period - Radek Faksa wins face-off versus Jean-Gabriel Pageau in Oilers zone.
11:05 of 2nd period - Jean-Gabriel Pageau is hit by Kevan Miller and loses puck.
11:59 of 2nd period - Adam Henrique is hit by Ryan Johansen and loses puck.
12:14 of 2nd period - Shot by Colin Wilson.
12:14 of 2nd period - Shot Misses the Net.
12:58 of 2nd period - Shot by Chris Wagner.
12:58 of 2nd period - Shot Misses the Net.
13:10 of 2nd period - Shot by Ryan Getzlaf.
13:10 of 2nd period - Stopped by Jimmy Howard without a rebound.
13:11 of 2nd period - Radek Faksa wins face-off versus Dominic Moore in Blues zone.
13:16 of 2nd period - Shot by Mikkel Boedker.
13:16 of 2nd period - Shot Misses the Net.
13:39 of 2nd period - Pavel Buchnevich is hit by Kevan Miller.
14:25 of 2nd period - Shot by Evgeny Dadonov.
14:25 of 2nd period - Stopped by Jimmy Howard with a rebound.
15:23 of 2nd period - Icing by Adam Lowry.
15:24 of 2nd period - Pierre-Edouard Bellemare wins face-off versus Jean-Gabriel Pageau in Oilers zone.
16:57 of 2nd period - Minor Penalty to Adam Henrique for Holding.
16:58 of 2nd period - Ryan Getzlaf wins face-off versus Pierre-Edouard Bellemare in Blues zone.
17:25 of 2nd period - Shot by Ryan Getzlaf.
17:25 of 2nd period - Stopped by Jimmy Howard without a rebound.
17:26 of 2nd period - Ryan Johansen wins face-off versus Gustav Nyquist in Blues zone.
17:35 of 2nd period - Shot by Ryan Johansen.
17:35 of 2nd period - Deflect By Reilly Smith.
17:35 of 2nd period - Shot Misses the Net.
17:39 of 2nd period - Shot by Brent Burns.
17:39 of 2nd period - Stopped by Jimmy Howard without a rebound.
17:40 of 2nd period - Pierre-Edouard Bellemare wins face-off versus Ryan Johansen in Blues zone.
18:24 of 2nd period - Icing by Jason Zucker.
18:25 of 2nd period - Gustav Nyquist wins face-off versus Ryan Getzlaf in Oilers zone.
18:25 of 2nd period - Gustav Nyquist is hit by Jack Johnson.
18:53 of 2nd period - Shot by Jason Zucker.
18:53 of 2nd period - Shot Misses the Net.
19:09 of 2nd period - Shot by Radek Faksa.
19:09 of 2nd period - Stopped by Antti Raanta without a rebound.
19:10 of 2nd period - Mike Fisher wins face-off versus Ryan Getzlaf in Oilers zone.
19:30 of 2nd period - Kris Versteeg is hit by Matthew Nieto and loses puck.
Goals for this period are 0 for Blues vs 1 for Oilers.
Shots for this period are 7 for Blues vs 13 for Oilers.

3rd period


0:01 of 3rd period - Ryan Johansen wins face-off versus Radek Faksa in neutral zone.
1:39 of 3rd period - Off-side.
1:40 of 3rd period - Pierre-Edouard Bellemare wins face-off versus Dominic Moore in neutral zone.
1:56 of 3rd period - Shot by Derrick Pouliot.
1:56 of 3rd period - Stopped by Antti Raanta with a rebound.
1:58 of 3rd period - Shot by Adam Henrique.
1:58 of 3rd period - Shot Misses the Net.
2:00 of 3rd period - Shot by Adam Henrique.
2:00 of 3rd period - Stopped by Antti Raanta with a rebound.
2:02 of 3rd period - Shot by Pierre-Edouard Bellemare.
2:02 of 3rd period - Stopped by Antti Raanta without a rebound.
2:03 of 3rd period - Jean-Gabriel Pageau wins face-off versus Kris Versteeg in Oilers zone.
2:03 of 3rd period - Jean-Gabriel Pageau is hit by Chris Wagner.
2:13 of 3rd period - Shot by Mike Fisher.
2:13 of 3rd period - Stopped by Antti Raanta without a rebound.
2:14 of 3rd period - Pierre-Edouard Bellemare wins face-off versus Ryan Johansen in Oilers zone.
2:17 of 3rd period - Shot by Adam Henrique.
2:17 of 3rd period - Stopped by Antti Raanta without a rebound.
2:18 of 3rd period - Mike Fisher wins face-off versus Reilly Smith in Oilers zone.
2:28 of 3rd period - Kris Versteeg is hit by Marc Methot and loses puck.
2:33 of 3rd period - Shot by Derrick Pouliot.
2:33 of 3rd period - Stopped by Antti Raanta without a rebound.
2:34 of 3rd period - Ryan Getzlaf wins face-off versus Pierre-Edouard Bellemare in Oilers zone.
2:34 of 3rd period - Ryan Getzlaf is hit by Pierre-Edouard Bellemare.
2:39 of 3rd period - Brent Burns is hit by Greg Pateryn and loses puck.
3:56 of 3rd period - Shot by Chris Wagner.
3:56 of 3rd period - Stopped by Antti Raanta with a rebound.
4:24 of 3rd period - Shot by Mikkel Boedker.
4:24 of 3rd period - Shot Misses the Net.
4:31 of 3rd period - Icing by Jack Johnson.
4:32 of 3rd period - Ryan Johansen wins face-off versus Pierre-Edouard Bellemare in Oilers zone.
4:43 of 3rd period - Shot by Jason Zucker.
4:43 of 3rd period - Stopped by Jimmy Howard with a rebound.
4:50 of 3rd period - Icing by Nathan Beaulieu.
4:51 of 3rd period - Adam Lowry wins face-off versus Pierre-Edouard Bellemare in Blues zone.
5:11 of 3rd period - Pierre-Edouard Bellemare is hit by Jacob Trouba and loses puck.
5:37 of 3rd period - Chris Wagner is hit by Jacob Trouba and loses puck.
6:16 of 3rd period - Shot by Reilly Smith.
6:16 of 3rd period - Shot Misses the Net.
6:18 of 3rd period - Shot by Jack Johnson.
6:18 of 3rd period - Shot Misses the Net.
6:20 of 3rd period - Shot by Jason Zucker.
6:20 of 3rd period - Stopped by Jimmy Howard without a rebound.
6:21 of 3rd period - Adam Henrique wins face-off versus Ryan Getzlaf in Blues zone.
6:34 of 3rd period - Shot by Anthony Duclair.
6:34 of 3rd period - Stopped by Antti Raanta with a rebound.
6:36 of 3rd period - Shot by Anthony Duclair.
6:36 of 3rd period - Deflect By Adam Henrique.
6:36 of 3rd period - Stopped by Antti Raanta without a rebound.
6:37 of 3rd period - Pierre-Edouard Bellemare wins face-off versus Ryan Johansen in Oilers zone.
7:03 of 3rd period - Icing by Justin Braun.
7:04 of 3rd period - Ryan Johansen wins face-off versus Gustav Nyquist in Oilers zone.
7:18 of 3rd period - Radek Faksa is hit by Ryan Johansen and loses puck.
8:55 of 3rd period - Icing by Marc Methot.
8:56 of 3rd period - Pierre-Edouard Bellemare wins face-off versus Dominic Moore in Oilers zone.
8:56 of 3rd period - Colin Wilson is hit by Marc Methot and loses puck.
8:59 of 3rd period - Shot by Pierre-Edouard Bellemare.
8:59 of 3rd period - Stopped by Antti Raanta without a rebound.
9:00 of 3rd period - Pierre-Edouard Bellemare wins face-off versus Matthew Nieto in Oilers zone.
9:08 of 3rd period - Colin Wilson is hit by Justin Braun.
9:21 of 3rd period - Icing by Jack Johnson.
9:22 of 3rd period - Ryan Getzlaf wins face-off versus Mike Fisher in Oilers zone.
11:02 of 3rd period - Shot by Adam Lowry.
11:02 of 3rd period - Shot Misses the Net.
11:04 of 3rd period - Shot by Mark Pysyk.
11:04 of 3rd period - Stopped by Jimmy Howard without a rebound.
11:05 of 3rd period - Ryan Getzlaf wins face-off versus Radek Faksa in Blues zone.
11:09 of 3rd period - Shot by Jack Johnson.
11:09 of 3rd period - Stopped by Jimmy Howard with a rebound.
11:56 of 3rd period - Shot by Dominic Moore.
11:56 of 3rd period - Stopped by Jimmy Howard with a rebound.
12:07 of 3rd period - Kevan Miller is hit by Brent Burns and loses puck.
12:34 of 3rd period - Shot by Mike Fisher.
12:34 of 3rd period - Shot Misses the Net.
12:36 of 3rd period - Shot by Chris Wagner.
12:36 of 3rd period - Stopped by Antti Raanta without a rebound.
12:37 of 3rd period - Ryan Johansen wins face-off versus Pierre-Edouard Bellemare in Oilers zone.
12:49 of 3rd period - Adam Henrique is hit by Marc Methot and loses puck.
12:59 of 3rd period - Minor Penalty to Colin Wilson for Interference.
13:00 of 3rd period - Ryan Getzlaf wins face-off versus Gustav Nyquist in Blues zone.
13:29 of 3rd period - Shot by Ryan Getzlaf.
13:29 of 3rd period - Shot Misses the Net.
13:31 of 3rd period - Shot by Justin Braun.
13:31 of 3rd period - Shot Blocked by Pierre-Edouard Bellemare.
13:33 of 3rd period - Shot by Justin Braun.
13:33 of 3rd period - Stopped by Jimmy Howard without a rebound.
13:34 of 3rd period - Adam Henrique wins face-off versus Ryan Johansen in Blues zone.
14:13 of 3rd period - Shot by Ryan Johansen.
14:13 of 3rd period - Stopped by Jimmy Howard without a rebound.
14:14 of 3rd period - Pierre-Edouard Bellemare wins face-off versus Ryan Getzlaf in Blues zone.
14:20 of 3rd period - Icing by Adam Lowry.
14:21 of 3rd period - Ryan Getzlaf wins face-off versus Pierre-Edouard Bellemare in Oilers zone.
14:27 of 3rd period - Off-side.
14:28 of 3rd period - Ryan Getzlaf wins face-off versus Pierre-Edouard Bellemare in neutral zone.
14:49 of 3rd period - Shot by Ryan Getzlaf.
14:49 of 3rd period - Shot Misses the Net.
14:51 of 3rd period - Shot by Adam Lowry.
14:51 of 3rd period - Stopped by Jimmy Howard without a rebound.
14:52 of 3rd period - Adam Henrique wins face-off versus Evgeny Dadonov in Blues zone.
15:15 of 3rd period - Shot by Kris Versteeg.
15:15 of 3rd period - Stopped by Antti Raanta without a rebound.
15:16 of 3rd period - Evgeny Dadonov wins face-off versus Adam Henrique in Oilers zone.
15:29 of 3rd period - Shot by Evgeny Dadonov.
15:29 of 3rd period - Stopped by Jimmy Howard without a rebound.
15:30 of 3rd period - Ryan Johansen wins face-off versus Mike Fisher in Blues zone.
15:30 of 3rd period - Ryan Johansen is hit by Thomas Hickey.
15:33 of 3rd period - Jason Zucker is hit by Derrick Pouliot and loses puck.
15:48 of 3rd period - Shot by Jason Zucker.
15:48 of 3rd period - Stopped by Jimmy Howard without a rebound.
15:49 of 3rd period - Radek Faksa wins face-off versus Ryan Getzlaf in Blues zone.
16:41 of 3rd period - Radek Faksa is hit by Marc Methot and loses puck.
17:43 of 3rd period - Shot by Jean-Gabriel Pageau.
17:43 of 3rd period - Stopped by Jimmy Howard with a rebound.
17:59 of 3rd period - Shot by Adam Lowry.
17:59 of 3rd period - Shot Blocked by Thomas Hickey.
18:41 of 3rd period - Shot by Alexander Kerfoot.
18:41 of 3rd period - Shot Blocked by Tobias Enstrom.
Goals for this period are 0 for Blues vs 0 for Oilers.
Shots for this period are 12 for Blues vs 11 for Oilers.